[ PARTIDA AOE2 · #495262430 ]
UnrankedJemeres vs Italians
Equipo del jugador · VICT
Equipo rival · DERR
[ ANÁLISIS DE REPETICIÓN · EXTRAÍDO DE LA PARTIDA GRABADA ]
Feudal
10:33
Castillos
13:14
Imperial
—
| APM promedio | 48.7 |
| APM pico | 81 |
| eAPM promedio | 19.8 |
| Aldeanos / militares | 30 / 12 |
Foco
⚔️ 23.5% · 🌾 76.5%
Scorpion ×9 · Mangonel ×2 · Battering Ram ×1
Feudal
10:33
Castillos
16:53
Imperial
—
| APM promedio | 46.3 |
| APM pico | 59 |
| eAPM promedio | 15.6 |
| Aldeanos / militares | 33 / 3 |
Foco
⚔️ 39.9% · 🌾 60.1%
Spearman ×2 · Scout Cavalry ×1
Mapa de la partida
Recursos iniciales + cada clic de construcción. Líneas = muros · curvas = relieve. ◆ oro · ⬟ piedra · ● bayas · ✦ reliquia · ◌ hueco del cierre
Tu base· ✓ Cerrada en 13:14 · 0t muro · 3 puerta(s)
Base de LvSP | Réyiman· ✓ Cerrada en 16:53 · 2t muro · 2 puerta(s)
Terreno inicial suavizado · ◌ = hueco del cierre detectado · pasá el cursor para detalles
Inputs por minuto
— [Nors] OG DADDY - - LvSP | Réyiman
Build order — [Nors] OG DADDY
66 acciones detectadas en el replay
| 0:01 | Crear | Villager (Male) |
| 0:01 | Crear | Villager (Male) |
| 0:02 | Construir | House |
| 0:03 | Construir | House |
| 0:07 | Crear | Villager (Male) |
| 0:22 | Crear | Villager (Male) |
| 0:22 | Crear | Villager (Male) |
| 1:24 | Crear | Villager (Male) |
| 1:24 | Crear | Villager (Male) |
| 1:49 | Crear | Villager (Male) |
| 1:49 | Crear | Villager (Male) |
| 2:08 | Construir | Lumber Camp |
| 2:19 | Crear | Villager (Male) |
| 2:20 | Crear | Villager (Male) |
| 2:40 | Crear | Villager (Male) |
| 2:50 | Crear | Villager (Male) |
| 2:50 | Crear | Villager (Male) |
| 3:24 | Crear | Villager (Male) |
| 3:44 | Crear | Villager (Male) |
| 3:57 | Construir | House |
| 3:58 | Construir | House |
| 4:26 | Crear | Villager (Male) |
| 4:41 | Construir | Mill |
| 5:00 | Crear | Villager (Male) |
| 5:14 | Crear | Villager (Male) |
| 5:45 | Crear | Villager (Male) |
| 6:00 | Crear | Villager (Male) |
| 6:30 | Crear | Villager (Male) |
| 6:50 | Crear | Villager (Male) |
| 7:27 | Crear | Villager (Male) |
| 7:35 | Construir | Mining Camp |
| 7:49 | Crear | Villager (Male) |
| 8:01 | Construir | Farm |
| 8:23 | Investigar | Feudal Age |
| 9:03 | Construir | House |
| 9:40 | Construir | Lumber Camp |
| 10:33 | Edad | Edad Feudal |
| 10:34 | Investigar | Castle Age |
| 11:04 | Investigar | Double-Bit Axe |
| 12:34 | Crear | Villager (Male) |
| 13:14 | Edad | Edad de los Castillos |
| 13:15 | Construir | Siege Workshop |
| 13:17 | Construir | Siege Workshop |
| 13:19 | Construir | Palisade Wall |
| 13:21 | Construir | Palisade Wall |
| 13:52 | Construir | Siege Workshop |
| 14:00 | Crear | Scorpion |
| 14:05 | Crear | Scorpion |
| 14:21 | Crear | Battering Ram |
| 14:22 | Crear | Mangonel |
| 14:36 | Crear | Mangonel |
| 14:44 | Crear | Villager (Male) |
| 14:51 | Crear | Scorpion |
| 14:59 | Construir | House |
| 15:24 | Crear | Scorpion |
| 15:24 | Crear | Scorpion |
| 15:30 | Construir | House |
| 15:44 | Crear | Scorpion |
| 15:46 | Crear | Villager (Male) |
| 15:46 | Crear | Villager (Male) |
| 16:20 | Crear | Scorpion |
| 16:48 | Construir | House |
| 17:24 | Crear | Scorpion |
| 17:24 | Crear | Scorpion |
| 17:29 | Construir | Market |
| 17:30 | Crear | Villager (Male) |
Build order — LvSP | Réyiman
74 acciones detectadas en el replay
| 0:03 | Crear | Villager (Male) |
| 0:03 | Crear | Villager (Male) |
| 0:03 | Crear | Villager (Male) |
| 0:04 | Crear | Villager (Male) |
| 0:05 | Construir | House |
| 0:06 | Construir | House |
| 1:27 | Crear | Villager (Male) |
| 1:27 | Crear | Villager (Male) |
| 1:59 | Crear | Villager (Male) |
| 2:00 | Crear | Villager (Male) |
| 2:11 | Construir | Lumber Camp |
| 2:23 | Crear | Villager (Male) |
| 2:53 | Crear | Villager (Male) |
| 2:57 | Crear | Villager (Male) |
| 2:57 | Crear | Villager (Male) |
| 3:44 | Crear | Villager (Male) |
| 3:44 | Crear | Villager (Male) |
| 3:45 | Crear | Villager (Male) |
| 3:51 | Construir | House |
| 3:52 | Construir | House |
| 3:54 | Construir | Palisade Wall |
| 4:35 | Crear | Villager (Male) |
| 4:36 | Crear | Villager (Male) |
| 4:59 | Crear | Villager (Male) |
| 5:17 | Crear | Villager (Male) |
| 5:22 | Construir | Mill |
| 5:35 | Crear | Villager (Male) |
| 6:38 | Crear | Villager (Male) |
| 7:06 | Crear | Villager (Male) |
| 7:22 | Construir | Mill |
| 7:28 | Crear | Villager (Male) |
| 7:37 | Construir | House |
| 7:42 | Construir | Palisade Wall |
| 7:54 | Construir | House |
| 7:58 | Crear | Villager (Male) |
| 8:23 | Investigar | Feudal Age |
| 9:57 | Construir | Mining Camp |
| 10:30 | Crear | Villager (Male) |
| 10:33 | Edad | Edad Feudal |
| 10:43 | Construir | Barracks |
| 11:00 | Crear | Villager (Male) |
| 11:18 | Crear | Villager (Male) |
| 11:22 | Construir | Stable |
| 11:41 | Crear | Villager (Male) |
| 11:59 | Construir | Blacksmith |
| 12:07 | Crear | Scout Cavalry |
| 12:14 | Investigar | Loom |
| 12:17 | Investigar | Double-Bit Axe |
| 12:17 | Investigar | Double-Bit Axe |
| 12:46 | Crear | Villager (Male) |
| 12:51 | Construir | Market |
| 13:08 | Crear | Villager (Male) |
| 13:09 | Construir | Farm |
| 13:18 | Construir | Farm |
| 13:41 | Construir | Farm |
| 13:43 | Construir | Farm |
| 13:48 | Crear | Villager (Male) |
| 13:50 | Construir | Farm |
| 13:56 | Investigar | Castle Age |
| 14:03 | Construir | Farm |
| 14:22 | Crear | Spearman |
| 14:38 | Investigar | Horse Collar |
| 14:53 | Crear | Spearman |
| 15:30 | Investigar | Gold Mining |
| 16:01 | Construir | House |
| 16:05 | Construir | House |
| 16:06 | Construir | House |
| 16:32 | Crear | Villager (Male) |
| 16:53 | Edad | Edad de los Castillos |
| 16:55 | Construir | Castle |
| 16:58 | Construir | Siege Workshop |
| 17:02 | Investigar | Bow Saw |
| 17:02 | Investigar | Bow Saw |
| 17:02 | Crear | Villager (Male) |
Cronología de la partida
| 3:54 | LvSP | Réyiman · wall_segment Palisade Wall x1 |
| 7:42 | LvSP | Réyiman · wall_segment Palisade Wall x1 |
| 10:33 | [Nors] OG DADDY · age_up feudal |
| 10:33 | LvSP | Réyiman · age_up feudal |
| 10:43 | LvSP | Réyiman · first_building Barracks |
| 11:22 | LvSP | Réyiman · first_building Stable |
| 13:14 | [Nors] OG DADDY · age_up castle |
| 13:15 | [Nors] OG DADDY · first_building Siege Workshop |
| 13:19 | [Nors] OG DADDY · wall_segment Palisade Wall x1 |
| 13:21 | [Nors] OG DADDY · wall_segment Palisade Wall x1 |
| 13:55 | LvSP | Réyiman · first_market_sell 100 stone |
| 16:53 | LvSP | Réyiman · age_up castle |
| 16:55 | LvSP | Réyiman · first_building Castle |
| 16:58 | LvSP | Réyiman · first_building Siege Workshop |
| 17:36 | LvSP | Réyiman · resign |
[ ANÁLISIS IA · 1 CRÉDITO ]
¿Qué pasó realmente en esta partida?
Wolo.gg analiza cada decisión: build order, eco, micro, errores típicos por bracket. Análisis personalizado por WhatsApp o Discord en 30 segundos.
Guía civ
Jemeres
Perfil
[Nors] OG DADDY